Map: 2000 Atmospheres LE

Players

Reynor - Winner!

  • Race: Zerg Zerg

Denver

  • Race: Zerg Zerg
  • League: Master

Event: DreamHack SC2 Masters 2021 Summer

VOD

Have the link to the VOD?

Description

Time

  • Played on: May 21, 2021, 12:16 p.m.
  • Length: 16:02

All games in this series

Show
View Real Time Build Order
Export as new Build Order

Reynor Zerg - Winner!

Build Orders: Pool First, Zergling Baneling 

Get SALT Encoding   

  12  0:00  Drone  
  13  0:11  Overlord  
  13  0:16  Drone  
  14  0:30  Drone x2  
  14  0:34  Drone  
  17  0:43  Extractor  
  17  0:44  Drone  
  17  0:49  Spawning Pool  
  16  0:55  Drone  
  17  1:06  Drone  
  18  1:17  Hatchery  
  17  1:21  Drone  
  18  1:36  Queen, Zergling x2  
  21  1:44  Metabolic Boost  
  21  1:50  Overlord  
  21  1:53  Drone  
  22  2:08  Drone  
  22  2:13  Queen  
  25  2:16  Baneling Nest  
  25  2:17  Drone  
  25  2:23  Zergling x2  
  25  2:29  Zergling x2  
  27  2:32  Zergling x2  
  28  2:40  Zergling x2  
  28  2:43  Overlord  
  29  2:45  Zergling x6  
  32  2:55  Zergling x4  
  34  2:59  Baneling x2  
  34  3:02  Drone  
  35  3:07  Drone  
  36  3:13  Drone  
  36  3:17  Drone  
  37  3:32  Drone x2  
  38  3:38  Overlord  
  38  3:40  Hatchery, Zergling x6  
  39  3:48  Zergling x6  
  40  3:59  Drone x2, Baneling x2  
  40  4:00  Drone  
  43  4:03  Queen  
  45  4:10  Drone  
  45  4:11  Zergling x4  
  45  4:14  Overlord  
  48  4:27  Drone x3  
  51  4:34  Drone  
  51  4:35  Drone  
  51  4:38  Zergling x6  
  52  4:40  Baneling x2  
  52  4:44  Drone  
  53  4:48  Roach Warren  
  53  4:51  Baneling x2  
  53  4:52  Zergling x2  
  52  4:53  Queen  
  52  4:57  Baneling  
  54  5:03  Overlord  
  58  5:07  Zergling x14  
  53  5:15  Drone  
  53  5:16  Drone x3  
  53  5:20  Zergling x2  
  55  5:26  Zergling x4  
  53  5:31  Zergling x2  
  53  5:34  Zergling x2  
  55  5:41  Zergling x6  
  50  5:52  Baneling x4  
  50  5:53  Zergling x6  
  50  5:55  Zergling x2  
  51  6:02  Zergling x6  
  54  6:08  Drone x2  
  52  6:16  Zergling x4  
  52  6:17  Drone x3  
  53  6:21  Drone  
  53  6:22  Drone  
  55  6:26  Baneling  
  55  6:29  Zergling x6  
  55  6:31  Baneling x2  
  58  6:33  Baneling x2  
  58  6:35  Zergling x2  
  58  6:37  Zergling x2  
  60  6:43  Zergling x6  
  52  6:51  Zergling x8  
  46  7:02  Zergling x8  
  46  7:07  Zergling x4  
  50  7:09  Zergling x2  
  50  7:11  Drone  
  52  7:18  Zergling x8  
  56  7:27  Baneling x4  
  56  7:28  Baneling x2  
  50  7:30  Zergling x8  
  50  7:34  Zergling x2  
  55  7:42  Zergling x8  
  43  7:55  Zergling x10  
  45  7:58  Baneling x3  
  45  8:01  Zergling x2  
  46  8:06  Zergling x4  
  46  8:07  Zergling x2  
  46  8:08  Baneling  
  48  8:16  Zergling x8  
  50  8:23  Baneling x2  
  50  8:24  Zergling x4  
  49  8:32  Zergling x4  
  44  8:38  Zergling x4  
  43  8:45  Queen  
  43  8:47  Baneling x2  
  45  8:50  Baneling  
  45  8:54  Zergling x4  
  47  8:57  Zergling x2  
  48  9:07  Queen  
  48  9:13  Zergling x2  
  48  9:14  Zergling x8  
  48  9:15  Baneling  
  48  9:16  Baneling  
  53  9:20  Zergling x2  
  54  9:24  Zergling x4  
  54  9:26  Baneling x2  
  54  9:28  Zergling x2  
  56  9:38  Zergling x6  
  52  9:47  Zergling x4  
  52  9:51  Zergling x2  
  52  9:52  Queen  
  45  9:56  Baneling  
  45  9:57  Baneling  
  43  10:04  Zergling x4  
  43  10:10  Drone  
  43  10:11  Baneling x2  
  43  10:12  Zergling x2  
  45  10:18  Queen  
  45  10:19  Drone  
  44  10:30  Zergling x4  
  44  10:33  Baneling x3  
  44  10:34  Drone  
  47  10:41  Drone  
  48  10:43  Zergling x2  
  48  10:44  Zergling x2  
  48  10:46  Hatchery  
  48  10:48  Zergling x4  
  51  10:55  Drone x2  
  52  11:05  Extractor  
  52  11:08  Drone x3  
  52  11:09  Drone  
  52  11:12  Drone  
  52  11:16  Roach Warren  
  49  11:18  Zergling x2  
  49  11:23  Queen  
  51  11:30  Drone  
  51  11:31  Extractor  
  50  11:40  Baneling x5  
  50  11:50  Zergling x16  
  50  11:53  Overlord  
  59  12:08  Roach x2  
  59  12:10  Zergling x2, Roach  
  59  12:11  Roach  
  63  12:19  Roach  
  65  12:24  Roach  
  65  12:26  Hatchery  
  65  12:28  Roach  
  68  12:37  Roach x2  
  68  12:42  Baneling x2  
  72  12:48  Roach x2  
  72  12:51  Overlord  
  75  12:54  Lair  
  75  12:56  Drone  
  76  13:00  Overlord  
  75  13:06  Drone  
  75  13:09  Drone  
  75  13:10  Drone  
  78  13:13  Drone x2  
  78  13:17  Drone  
  78  13:19  Evolution Chamber  
  79  13:23  Drone  
  79  13:24  Drone  
  81  13:27  Baneling x2  
  81  13:33  Drone x2  
  83  13:37  Drone x2  
  85  13:48  Zergling x10  
  85  13:50  Drone  
  85  13:53  Glial Reconstitution  
  84  14:05  Roach x2  
  84  14:06  Overlord x2  
  86  14:13  Overlord  
  86  14:18  Roach  
  86  14:19  Overlord  
  88  14:24  Baneling  
  88  14:25  Baneling x7  
  86  14:31  Roach x4  
  86  14:37  Roach x3  
  81  14:48  Roach x2  
  81  14:52  Roach  
  81  14:54  Roach  
  81  14:58  Roach x2  
  83  15:01  Baneling x2  
  83  15:02  Roach  
  83  15:04  Overseer  
  83  15:07  Roach  
  87  15:08  Roach  
  87  15:13  Roach  
  90  15:23  Roach x2  
  90  15:24  Roach x2  
  98  15:28  Roach  
  98  15:29  Roach  
  98  15:32  Roach  
  104  15:36  Roach x2  
  104  15:40  Drone x2  
  110  15:47  Extractor  
  110  15:48  Spire  
  110  15:49  Drone  
  109  15:50  Drone  
Show
View Real Time Build Order
Export as new Build Order

Denver Zerg 

Build Orders: Hatch First, Zergling Baneling 

Get SALT Encoding   

  12  0:00  Drone  
  13  0:12  Overlord  
  13  0:17  Drone  
  14  0:31  Drone x2  
  16  0:48  Hatchery  
  15  0:52  Drone  
  15  0:56  Drone  
  17  0:58  Drone  
  18  1:11  Extractor  
  17  1:14  Spawning Pool  
  17  1:17  Drone  
  17  1:21  Drone  
  18  1:29  Drone  
  19  1:40  Drone  
  20  1:50  Drone  
  21  2:00  Overlord  
  21  2:01  Queen x2  
  21  2:02  Zergling x2  
  26  2:10  Metabolic Boost  
  26  2:12  Drone  
  26  2:13  Drone  
  28  2:22  Zergling x4  
  30  2:32  Baneling Nest  
  30  2:33  Drone x2  
  31  2:38  Queen  
  33  2:44  Overlord  
  33  2:47  Zergling x2  
  34  2:55  Drone x2  
  35  3:08  Hatchery  
  34  3:13  Zergling x4  
  34  3:15  Baneling x4  
  34  3:18  Zergling x10  
  42  3:24  Overlord  
  42  3:33  Drone x2  
  40  3:42  Drone x2  
  40  3:48  Zergling x6  
  43  3:59  Queen  
  45  4:04  Zergling x6  
  48  4:10  Hatchery  
  48  4:12  Drone  
  48  4:13  Drone  
  47  4:26  Drone x4  
  51  4:36  Overlord  
  51  4:37  Baneling x8  
  50  4:42  Zergling x4  
  50  4:45  Overlord  
  52  4:51  Zergling x2  
  51  4:53  Overlord  
  51  4:58  Drone x2  
  53  5:04  Zergling x2  
  53  5:05  Zergling x2  
  55  5:12  Zergling x8  
  48  5:18  Zergling x6  
  48  5:19  Zergling x2  
  48  5:20  Baneling x2  
  49  5:26  Zergling x2  
  46  5:30  Zergling x4  
  46  5:34  Zergling x2  
  47  5:39  Zergling x2  
  47  5:40  Zergling x2  
  47  5:41  Baneling x3  
  46  5:43  Zergling x8  
  45  5:51  Zergling x6  
  45  5:58  Zergling x6  
  45  6:01  Baneling x3  
  48  6:07  Zergling x6  
  47  6:15  Zergling x6  
  47  6:18  Drone x2  
  47  6:25  Baneling x3  
  47  6:28  Drone x3  
  50  6:34  Baneling  
  50  6:41  Zergling x10  
  50  6:42  Zergling x2  
  47  6:52  Zergling x6  
  41  6:55  Zergling x2  
  41  6:59  Zergling x2  
  39  7:08  Zergling x4  
  41  7:10  Baneling  
  41  7:11  Baneling  
  39  7:18  Zergling x8  
  39  7:20  Baneling  
  39  7:21  Baneling  
  43  7:27  Zergling x4  
  44  7:32  Zergling x4  
  46  7:43  Zergling x10  
  41  7:53  Zergling x8  
  41  7:57  Baneling  
  41  7:58  Baneling x3  
  43  8:03  Zergling x4  
  45  8:08  Zergling x6  
  48  8:19  Zergling x2  
  49  8:20  Zergling x6  
  49  8:25  Zergling x4  
  47  8:29  Zergling x4  
  43  8:36  Zergling x6  
  43  8:37  Baneling  
  45  8:42  Baneling x4  
  45  8:52  Zergling x8  
  48  9:06  Zergling x12  
  50  9:15  Zergling x6  
  52  9:19  Baneling x4  
  50  9:25  Zergling x6  
  49  9:36  Zergling x6  
  45  9:51  Zergling x8  
  43  9:55  Baneling  
  43  9:56  Baneling x3  
  41  10:05  Drone x2  
  41  10:08  Drone  
  41  10:10  Baneling  
  42  10:14  Drone  
  42  10:20  Drone  
  41  10:24  Drone  
  41  10:26  Drone  
  40  10:28  Drone  
  40  10:33  Baneling  
  40  10:34  Baneling  
  41  10:36  Drone  
  41  10:42  Drone  
  43  10:44  Drone  
  43  10:49  Drone x3  
  47  10:56  Queen  
  49  11:03  Baneling x3  
  48  11:07  Zergling x6  
  51  11:17  Zergling x8  
  54  11:21  Baneling x3  
  54  11:26  Queen  
  54  11:30  Zergling x4  
  58  11:37  Baneling  
  58  11:38  Baneling  
  58  11:39  Drone x4  
  59  11:48  Zergling x8  
  59  11:54  Zergling x6  
  64  12:03  Zergling x8  
  63  12:08  Zergling x8  
  63  12:14  Roach Warren  
  62  12:17  Baneling x2  
  62  12:18  Baneling x2  
  62  12:19  Drone x2  
  64  12:25  Drone x3  
  64  12:27  Extractor  
  64  12:28  Baneling  
  66  12:32  Drone x2  
  66  12:35  Overlord  
  67  12:42  Drone x4  
  70  12:47  Extractor  
  70  12:50  Overlord  
  69  12:51  Drone x3  
  69  12:54  Overlord  
  70  13:00  Roach x2  
  70  13:08  Roach x2  
  73  13:15  Roach x3  
  79  13:23  Overlord  
  79  13:26  Roach x3  
  85  13:29  Roach  
  87  13:38  Roach x3  
  90  13:53  Roach x5  
  93  13:58  Zergling x6  
  95  14:06  Zergling x4  
  95  14:09  Zergling x2  
  97  14:15  Zergling x4  
  98  14:20  Baneling x9  
  98  14:23  Zergling x2  
  99  14:31  Zergling x6  
  95  14:37  Zergling x2  
  86  14:44  Zergling x8  
  77  14:46  Lair  
  77  14:48  Extractor, Evolution Chamber  
  77  14:49  Extractor, Zergling x4  
  77  14:50  Zergling x2  
  69  14:57  Drone x2  
  69  14:58  Drone x4  
  70  15:03  Drone x3  
  73  15:07  Drone x3  
  75  15:19  Roach  
  75  15:20  Roach x2  
  78  15:23  Roach  
  78  15:24  Roach x3  
  86  15:29  Roach x2  
  86  15:34  Roach x2  
  94  15:37  Overlord  
  94  15:41  Ravager x2  
  94  15:42  Ravager  
Tags
 
Add a new tag
Caveats
  • Supply blocks, unpowered buildings, or Contaminate may cause inaccurate times.
  • Supply counts are checked every 10 seconds.